 Dungeon Crawl Stone Soup version 0.27.0-1-g7a089689b8 (webtiles) character file.

Game seed: 1641184504296426745

541 GnoME the Skirmisher (level 7, -3/67 HPs)
             Began as a Gargoyle Fighter on Aug 10, 2021.
             Slain by Duvessa (11 damage)
             ... on level 4 of the Dungeon.
             The game lasted 00:08:00 (4808 turns).

GnoME the Skirmisher (Gargoyle Fighter)             Turns: 4808, Time: 00:08:01

Health: -3/67      AC: 14    Str: 19 (22) XL:     7   Next: 26%
Magic:  7/7        EV:  5    Int:  8      God:
Gold:   145        SH:  9    Dex:  8 (9)  Spells: 6/6 levels left

rFire    . . .     SeeInvis .   a - +0 war axe
rCold    . . .     Faith    .   c - +0 kite shield
rNeg     + . .     Spirit   .   i - +0 chain mail
rPois    ∞         Reflect  .   (no helmet)
rElec    +         Harm     .   (no cloak)
rCorr    .         Rampage  .   (no gloves)
Will     .....                  (no boots)
Stlth    ..........             (no amulet)
HPRegen  0.21/turn              (no ring)
MPRegen  0.10/turn              (no ring)

@: berserking (expiring), very quick
A: sickness immunity, AC +4, negative energy resistance 1, electricity
resistance, torment resistance 1, petrification resistance
a: no special abilities


You were on level 4 of the Dungeon.
You visited 1 branch of the dungeon, and saw 4 of its levels.

You collected 145 gold pieces.

Inventory:

Hand Weapons
 a - a +0 war axe (weapon)
 j - a +0 mace of venom
   (You found it on level 1 of the Dungeon)
Missiles
 b - 13 curare-tipped darts (quivered)
 d - 18 poisoned darts
 f - 55 sling bullets
Armour
 c - a +0 kite shield (worn)
 i - a +0 chain mail (worn)
   (You found it on level 1 of the Dungeon)
Scrolls
 m - a scroll of fear
 n - a scroll of enchant weapon
 q - a scroll of vulnerability
 s - a scroll of blinking
Potions
 h - a potion of haste {unknown}
 k - a potion of resistance {unknown}
 l - a potion of degeneration
 o - a potion of mutation {unknown}
 p - a potion of curing {unknown}
 r - 2 potions of ambrosia


   Skills:
 * Level 5.8 Fighting
 * Level 4.2 Axes
 + Level 4.6 Armour
 + Level 4.6 Shields


You had 6 spell levels left.
You didn't know any spells.
Your spell library contained the following spells:

 Spells                   Type           Power      Damage    Failure   Level
 Ensorcelled Hibernation  Hex/Ice        0%         N/A       100%        2
 Spider Form              Tmut/Pois      0%         N/A       100%        3
 Shadow Creatures         Summ           N/A        N/A       100%        6


Dungeon Overview and Level Annotations

Branches:
Dungeon (4/15)
 Temple: D:4-7

Altars:

Annotations:
D:1 exclusion: downstairs
D:2 Sigmund
D:4 Duvessa, Grinder, Robin


Innate Abilities, Weirdness & Mutations

You are immune to sickness and miasma.
Your stone body is resilient. (AC +4)
You are immune to poison.
You resist negative energy. (rN+)
You are resistant to electric shocks. (rElec)
You are resistant to unholy torment.
You are immune to petrification.


Message History

You block the centaur skeleton's attack.
The centaur skeleton kicks you but does no damage.
The goblin hits you but does no damage.
You climb upwards.
Level annotation: exclusion: downstairs
There is a stone staircase leading down here.
You hit the goblin but do no damage. The goblin hits you with a +0 club.
You take 3 damage, and have 35/44 hp.
You closely miss the goblin. The goblin barely misses you.
The goblin hits you but does no damage.
You barely miss the goblin. You block the goblin's attack.
You slash the goblin!
You kill the goblin!
No target in view!
No target in view!
You see here a quokka skeleton.
There is a stone staircase leading down here.
You regained 4 hp, and now have 40/44 hp.
You start resting.
HP restored.
Health restored: 44
Press: ? - help, v - describe, . - travel A stone staircase leading down.
Removed exclusion.
You climb downwards.
Level annotation: Dowan, Duvessa, Grinder, Robin
There is a stone staircase leading up here.
No target in view!
You see here a hobgoblin skeleton.
You hit the jackal but do no damage.
The jackal bites you but does no damage. x2
You barely miss the jackal. You block the jackal's attack.
The jackal barely misses you.
You barely miss the jackal. The jackal completely misses you.
The jackal bites you but does no damage.
You hit the jackal but do no damage. You block the jackal's attack.
The jackal bites you but does no damage.
You slash the jackal!
You kill the jackal!
No target in view!
No target in view!
d - 17 poisoned darts (gained 1)
d - 18 poisoned darts (gained 1)
You see here a hobgoblin skeleton.
There is a stone staircase leading up here.
As you read the scroll labelled LONYNE TIHE, it crumbles to dust.
It is a scroll of identify.
m - a scroll of fear
As you read the scroll of identify, it crumbles to dust.
n - a scroll of enchant weapon
As you read the scroll of identify, it crumbles to dust.
q - a scroll of vulnerability
As you read the scroll of identify, it crumbles to dust.
s - a scroll of blinking
As you read the scroll of identify, it crumbles to dust.
e - a potion of berserk rage
Okay, then.
Things that are here:
a stone; a +0 club; a kobold skeleton
There is a stone staircase leading up here.
You see here a hobgoblin skeleton.
The goblin shouts!
A goblin is nearby!
The goblin hits you but does no damage.
You see here a jackal corpse.
You barely miss the goblin. You block the goblin's attack.
The goblin hits you with a +0 dagger.
You take 2 damage, and have 42/44 hp.
You slash the goblin!
You kill the goblin!
No target in view!
No target in view!
HP restored.
A bullfrog skeleton comes into view.
Things that are here:
a +0 dagger; a scroll of identify; a goblin corpse Health restored: 44 The goblin shouts!
You slash the bullfrog skeleton!
The bullfrog skeleton is moderately damaged.
The bullfrog skeleton barely misses you. x2
You slash the bullfrog skeleton!
The bullfrog skeleton is almost destroyed.
You block the bullfrog skeleton's attack.
The bullfrog skeleton hits you but does no damage.
You hit the bullfrog skeleton.
You destroy the bullfrog skeleton!
You feel your intelligence returning.
Health restored: 45 You miss the goblin.
The goblin hits you but does no damage. x2
You slash the goblin!
You kill the goblin!
Duvessa shouts!
Dowan shouts!
Dowan points at you and mumbles some strange words.
You resist with some effort.
You see here a +0 dagger.
Dowan says, "My weaknesses are her strengths!"
Dowan casts a spell.
Dowan blinks!
Dowan hits you but does no damage.
You slash Dowan!
Dowan is heavily wounded.
You closely miss Duvessa. Duvessa hits you but does no damage.
Dowan hits you but does no damage.
You slash Dowan!
You kill Dowan!
Duvessa screams, "No!
How DARE you!"
Duvessa goes berserk!
Your shield and chain mail prevent you from hitting Duvessa.
Duvessa hits you but does no damage. Duvessa hits you with a +0 short sword!
Duvessa hits you but does no damage.
You take 10 damage, and have 35/45 hp.
MASSIVE DAMAGE!!
You hit Duvessa.
Duvessa is lightly wounded.
Duvessa hits you with a +0 short sword. x2
You take 7 damage, and have 28/45 hp.
You hit Duvessa but do no damage.
Duvessa is lightly wounded.
You block Duvessa's attack. x2
A red film seems to cover your vision as you go berserk!
You feel yourself moving faster!
You feel mighty! Duvessa hits you but does no damage. x2
You now have 43/67 hp.
You slash Duvessa!
Duvessa is moderately wounded.
Duvessa hits you with a +0 short sword!
You take 7 damage, and have 36/67 hp.
You slash Duvessa!
Duvessa is heavily wounded.
Duvessa hits you with a +0 short sword. Duvessa hits you but does no damage.
You take 3 damage, and have 33/67 hp.
Your shield prevents you from hitting Duvessa.
Duvessa is moderately wounded.
You block Duvessa's attack.
You slash Duvessa!
Duvessa is heavily wounded.
Duvessa hits you with a +0 short sword! Duvessa hits you but does no damage.
You take 6 damage, and have 27/67 hp.
You barely miss Duvessa.
Duvessa is heavily wounded.
You block Duvessa's attack.
You hit Duvessa.
Duvessa is severely wounded.
Duvessa hits you with a +0 short sword. Duvessa hits you with a +0 short sword!
* * * LOW HITPOINT WARNING * * *
You take 19 damage, and have 8/67 hp.
MASSIVE DAMAGE!!
You barely miss Duvessa.
Duvessa is heavily wounded.
Duvessa hits you with a +0 short sword!
You die...

#.....(<..#####
#.#######.##.. #.# #.##.#
#######.# #.##.#
......#.# #....# #..h#
#†...#### ###.#
#).........#
.#####.#######.#..####..#
#.........e@.).......(
#.#####....).......###.
#..###..###.## .... #..#
#........ #... #..#
#.####.### ...## ## #..#
#.# # ....... ...# #.#
....#.# .#..# #.#
......##.


You could see Duvessa (berserk).

Vanquished Creatures
  An ogre (D:4)
  A necrophage (D:3)
  2 kobold brigands (D:3)
  Dowan (D:4)
  A bullfrog skeleton (D:4)
  Natasha (D:4)
  A killer bee zombie (D:3)
  3 gnolls
  2 adders
  An ufetubus (D:3)
  A worm (D:3)
  A dart slug (D:1)
  A bat (D:2)
  2 endoplasms
  8 goblins
  8 hobgoblins
  7 jackals
  5 quokkas
  3 ball pythons
  3 frilled lizards
  12 kobolds
  4 rats
  A spectral hobgoblin (D:1)
70 creatures vanquished.

Notes
Turn   | Place    | Note
-------+----------+-------------------------------------------
     0 | D:1      | GnoME the Gargoyle Fighter began the quest for the Orb.
     0 | D:1      | Reached XP level 1. HP: 14/14 MP: 1/1
   593 | D:1      | Found a faded altar of an unknown god.
   662 | D:1      | Reached XP level 2. HP: 19/19 MP: 2/2
  1226 | D:2      | Reached XP level 3. HP: 24/24 MP: 3/3
  1784 | D:2      | Noticed Sigmund
  2246 | D:3      | Reached skill level 4 in Fighting
  2409 | D:2      | Reached XP level 4. HP: 6/29 MP: 4/4
  3113 | D:3      | Noticed a kobold brigand
  3352 | D:3      | Killed a kobold brigand
  3353 | D:3      | Reached XP level 5. HP: 22/34 MP: 5/5
  3464 | D:3      | Noticed a kobold brigand
  3480 | D:3      | Killed a kobold brigand
  3702 | D:3      | Reached skill level 5 in Fighting
  3702 | D:3      | Reached XP level 6. HP: 30/40 MP: 6/6
  4206 | D:4      | Noticed Grinder
  4247 | D:4      | Noticed Natasha
  4254 | D:4      | Killed Natasha
  4293 | D:4      | Noticed a necrophage
  4308 | D:3      | Killed a necrophage
  4394 | D:4      | Noticed Robin
  4627 | D:4      | Reached XP level 7. HP: 44/44 MP: 7/7
  4649 | D:4      | Noticed Dowan
  4649 | D:4      | Noticed Duvessa
  4798 | D:4      | Killed Dowan
  4808 | D:4      | Slain by Duvessa

Illustrated notes

Levels and vault maps discovered:
D:1:      eino_arrival_cavern_e, layout_loops_corners,
          dreamdust_ecumenical_altar_drowned_temple
D:2:      minmay_inner_zag, layout_basic, uniq_sigmund
D:3:      cheibrodos_thug_alley, layout_loops_ring
D:4:      layout_loops_ring, nicolae_overflow_hidden_temple, uniq_edmund,
          uniq_grinder, uniq_robin, uniq_duvessa, uniq_crazy_yiuf_cottage,
          uniq_natasha

Skill      XL: |  1  2  3  4  5  6 |
---------------+-------------------+-----
Axes           | 2 3 4 |  4.2
Fighting       | 4 5 |  5.8
Armour         | 4 |  4.6
Shields        | 4 |  4.6

Action                   |  1- 3 |  4- 6 |  7- 9 || total
-------------------------+-------+-------+-------++-------
Melee: War axe           |   110 |   129 |    28 ||   267
Throw: Dart              |       |     8 |       ||     8
  Use: Potion            |       |     3 |     1 ||     4
       Scroll            |       |       |     5 ||     5
Armor: Scale mail        |    21 |       |       ||    21
       Chain mail        |    49 |    78 |    22 ||   149
Dodge: Dodged            |    27 |    40 |     5 ||    72
Block: Kite shield       |    64 |    78 |    11 ||   153
